 Dungeon Crawl Stone Soup version 0.21.1-1-g345015f (webtiles) character file.

46 letownia2 the Conjurer (level 3, -2/19 HPs)
             Began as a Tengu Conjurer on Mar 5, 2018.
             Slain by a worm (3 damage)
             ... on level 3 of the Dungeon.
             The game lasted 00:03:23 (505 turns).

letownia2 the Conjurer (Tengu Conjurer)              Turns: 505, Time: 00:03:24

Health: -2/19      AC:  3    Str:  8    XL:     3   Next: 66%
Magic:  1/7        EV: 17    Int: 14    God:
Gold:   24         SH:  0    Dex: 19    Spells: 3/6 levels left

rFire    . . .     SeeInvis .   f - +0 dagger
rCold    . . .     Gourm    .   (no shield)
rNeg     . . .     Faith    .   e - +0 leather armour
rPois    .         Spirit   .   (helmet restricted)
rElec    .         Reflect  .   (no cloak)
rCorr    .         Harm     .   (no gloves)
MR       +....                  (boots unavailable)
Stlth    +++.......             (no amulet)
HPRegen  0.06/turn              d - ring of protection from magic
MPRegen  0.10/turn              g - -2 ring of intelligence (curse)

@: agile
A: beak, talons 3
a: no special abilities


You were on level 3 of the Dungeon.
You were not hungry.

You visited 1 branch of the dungeon, and saw 3 of its levels.

You collected 24 gold pieces.

Inventory:

Hand Weapons
 f - a +0 dagger (weapon)
 h - a +0 trident
Armour
 a - a +0 robe
 e - a +0 leather armour (worn)
Jewellery
 d - a ring of protection from magic (left hand)
 g - a cursed -2 ring of intelligence (right hand)
Scrolls
 i - a scroll of remove curse {unknown}
Books
 b - a book of Conjurations

   Spells                             Type                      Level
   a - Magic Dart                     Conjuration                  1
   b - Searing Ray                    Conjuration                  2
   c - Dazzling Spray                 Conjuration/Hexes            3
   d - Fulminant Prism                Conjuration/Hexes            4
   e - Force Lance                    Conjuration/Translocation    4
   f - Iskenderun's Mystic Blast      Conjuration                  4
Comestibles
 c - 2 rations
 j - 5 chunks of flesh


   Skills:
 - Level 2.2 Dodging
 - Level 2.0 Stealth
 - Level 2.0 Spellcasting
 + Level 7.0 Conjurations


You had 3 spell levels left.
You knew the following spells:

 Your Spells              Type           Power        Failure   Level  Hunger
a - Magic Dart            Conj           ###.         1%          1    ##.....
l - Searing Ray           Conj           ###...       3%          2    ###....


Dungeon Overview and Level Annotations

Branches:
Dungeon (3/15)

Altars:

Annotations:
D:2 Jessica


Innate Abilities, Weirdness & Mutations

You have a beak for a mouth.
You have claws for feet.


Message History

The jackal closely misses you. The worm bites you.
* * * LOW HITPOINT WARNING * * *
The jackal barely misses you.
Unknown command.
Unknown command.
Unknown command.
Okay, then.
It was a potion of agility.
You feel agile all of a sudden. The jackal bites you.
* * * LOW HITPOINT WARNING * * *
You barely miss the worm.
You hear the brisk rusting of a very distant drain.
The jackal completely misses you. The worm barely misses you.
Unknown command.
You hit the jackal but do no damage.
You kill the jackal!
Your Conjurations skill increases to level 7!
The worm bites you.
You die...

............# #<#
..#####...#.# #(#
..# ##l##.# #.#
..######.##.####.#
#..l)g..w........#
########.........#
####.####.# ##.#
#w# #..# #@# #.##
#g# #.# #.# #.#
#.# ##### #.# #.#
...####.# #.#
.....#w# #.#
#.##.#.# #.#
#####.##.#.# #.#


You could see a worm and a gnoll.

Vanquished Creatures
  2 gnolls (D:3)
  An adder (D:2)
  2 leopard geckos
  2 giant cockroaches
  2 goblins
  A hobgoblin (D:3)
  2 jackals (D:3)
  A frilled lizard (D:3)
  A kobold (D:3)
  3 rats (D:1)
17 creatures vanquished.

Notes
Turn   | Place    | Note
-------+----------+-------------------------------------------
     0 | D:1      | letownia2 the Tengu Conjurer began the quest for the Orb.
     0 | D:1      | Reached XP level 1. HP: 10/10 MP: 4/4
   109 | D:2      | Noticed Jessica
   191 | D:2      | Reached XP level 2. HP: 15/15 MP: 0/6
   243 | D:2      | Reached skill level 6 in Conjurations
   249 | D:2      | Learned a level 2 spell: Searing Ray
   350 | D:3      | Reached XP level 3. HP: 19/19 MP: 0/7
   505 | D:3      | Reached skill level 7 in Conjurations
   505 | D:3      | Slain by a worm

Skill      XL: |  1  2  3 |
---------------+----------+-----
Conjurations   | 6 7 |  7.0
Dodging        | |  2.2
Stealth        | |  2.0
Spellcasting   | |  2.0

Action                   || total
-------------------------++-------
Melee: Dagger            ||     7
       Kick              ||     2
       Peck              ||     1
Throw: Throwing net      ||     1
 Cast: Magic Dart        ||    32
       Searing Ray       ||     2
  Use: Potion            ||     1
 Stab: Sleeping          ||     1
Armor: Leather armour    ||     4
Dodge: Dodged            ||    19
